[Event "Titled Tuesday Blitz December 7 2021"]
[White "Piesik, Piotr"]
[Black "Perrine, Dalton"]
[WhiteFideId "1136194"]
[BlackFideId "2048434"]
[WhiteElo "2336"]
[BlackElo "2449"]
[Result "1-0"]
[Round "05"]
[TimeControl "180+1"]
[Date "2021.12.07"]
[WhiteClock "0:00:12"]
[BlackClock "0:00:04"]

1. Nf3 d5 2. g3 Nd7 3. Bg2 e5 4. d3 Bd6 5. O-O Ngf6 6. Nbd2 O-O 7. e4 c6 8. Qe2 Re8 9. Nb3 a5 10. a4 Nf8 11. Bd2 b6 12. Nh4 Ba6 13. Rfd1 dxe4 14. Bxe4 Nxe4 15. Qxe4 Ne6 16. Nf5 Bf8 17. Qxe5 Ng5 18. Bxg5 Qxg5 19. Qf4 Qf6 20. d4 Re2 21. Ne3 Qxf4 22. gxf4 Bd6 23. Nc1 Bxf4 24. Nxe2 Bxe2 25. Re1 Bf3 26. Ng2 Bd6 27. Re3 Bd5 28. Rae1 Kf8 29. b3 b5 30. Ra1 b4 31. Rae1 f5 32. f3 Kf7 33. Rd3 f4 34. Re2 g5 35. Ne1 Rg8 36. h3 h5 37. Kf2 g4 38. hxg4 hxg4 39. fxg4 Rxg4 40. Nf3 Kf6 41. Re1 Bc7 42. Rg1 Rg3 43. Ne1 Be4 44. Rdxg3 fxg3+ 45. Ke3 Bf5 46. Nd3 Bxd3 47. Kxd3 Kf5 48. Kc4 Bd6 49. d5 cxd5+ 50. Kxd5 Bf4 51. Kc6 Ke4 52. Kb6 Kf3 53. Kxa5 Bd6 54. Kb6 Kf2 55. Rxg3 Kxg3 56. a5 Kf3 57. a6 Bf4 58. a7 Be3+ 59. Kb7 Bxa7 60. Kxa7 Ke4 61. Kb6 Kd4 62. Kb5 Kc3 63. Kc5 Kxc2 64. Kxb4 1-0


[Site "https://www.chess.com"]

[Event "Titled Tuesday Blitz December 7 2021"]
[White "Preotu, Razvan"]
[Black "Pranav, V"]
[WhiteFideId "2613280"]
[BlackFideId "25060783"]
[WhiteElo "2407"]
[BlackElo "2351"]
[Result "0-1"]
[Round "05"]
[TimeControl "180+1"]
[Date "2021.12.07"]
[WhiteClock "0:00:03"]
[BlackClock "0:00:17"]

1. e4 e5 2. Nf3 Nc6 3. Bc4 Nf6 4. d3 Be7 5. O-O O-O 6. a4 d6 7. Re1 Na5 8. Ba2 c5 9. c3 Nc6 10. h3 h6 11. Nbd2 Be6 12. Bxe6 fxe6 13. Nf1 Qe8 14. b4 cxb4 15. cxb4 Nh5 16. b5 Nd8 17. d4 exd4 18. Nxd4 Qg6 19. Qg4 Qf7 20. Be3 Nf6 21. Qf3 Qg6 22. Ng3 Rc8 23. Rac1 Rxc1 24. Rxc1 Nd5 25. Ngf5 exf5 26. exd5 Qf6 27. Ne2 Nf7 28. Rc7 Bd8 29. Rxb7 Ne5 30. Qg3 g5 31. Nf4 Rf7 32. Rb8 Kh7 33. Ne6 f4 34. Bxf4 gxf4 35. Qc3 Bb6 36. Qc2+ Qg6 37. Nf8+ Rxf8 38. Rb7+ Rf7 39. Rd7 0-1


[Site "https://www.chess.com"]

[Event "Titled Tuesday Blitz December 7 2021"]
[White "Przybylski, Wojciech"]
[Black "Tanenbaum, Zachary"]
[WhiteFideId "1117599"]
[BlackFideId "2060850"]
[WhiteElo "2247"]
[BlackElo "2168"]
[Result "1-0"]
[Round "05"]
[TimeControl "180+1"]
[Date "2021.12.07"]
[WhiteClock "0:01:32"]
[BlackClock "0:00:31"]

1. e4 e5 2. Nf3 Nc6 3. Bb5 a6 4. Ba4 d6 5. h3 Nf6 6. d3 b5 7. Bb3 Na5 8. O-O Be7 9. c4 Nxb3 10. axb3 Bb7 11. Nc3 O-O 12. cxb5 axb5 13. Rxa8 Bxa8 14. Nxb5 Nd7 15. Be3 f5 16. Nc3 Nf6 17. exf5 d5 18. d4 e4 19. Ne5 Qc8 20. g4 Bd6 21. f4 exf3 22. Rxf3 Bxe5 23. dxe5 d4 24. Bxd4 1-0


[Site "https://www.chess.com"]

[Event "Titled Tuesday Blitz December 7 2021"]
[White "Pulpan, Jakub"]
[Black "Gunduz, Umut Erdem"]
[WhiteFideId "302759"]
[BlackFideId "6381383"]
[WhiteElo "2471"]
[BlackElo "2096"]
[Result "1-0"]
[Round "05"]
[TimeControl "180+1"]
[Date "2021.12.07"]
[WhiteClock "0:00:27"]
[BlackClock "0:00:01"]

1. e4 e5 2. Nf3 Nc6 3. Bc4 Bc5 4. c3 Nf6 5. d4 exd4 6. O-O O-O 7. cxd4 Bb6 8. e5 d5 9. exf6 dxc4 10. fxg7 Re8 11. Bg5 f6 12. Be3 Bg4 13. Nbd2 Qd5 14. h3 Bh5 15. Qc2 Bf7 16. Rfd1 Kxg7 17. a3 Rad8 18. Rac1 Na5 19. Nh4 c6 20. Nf5+ Kh8 21. Nh6 Bg6 22. Qc3 Bd3 23. b4 Be2 24. Re1 Bd3 25. bxa5 Bxa5 26. Qb2 b5 27. Nf3 Bxe1 28. Rxe1 Rd7 29. Ng4 Rf8 30. Bh6 Rg8 31. Nxf6 Qxf3 32. Nxg8 Qf7 33. d5+ Kxg8 34. Re3 Rd6 35. Re8+ 1-0


[Site "https://www.chess.com"]

[Event "Titled Tuesday Blitz December 7 2021"]
[White "Rakhmanov, Aleksandr"]
[Black "Svane, Rasmus"]
[WhiteFideId "4173708"]
[BlackFideId "4657101"]
[WhiteElo "2500"]
[BlackElo "2643"]
[Result "0-1"]
[Round "05"]
[TimeControl "180+1"]
[Date "2021.12.07"]
[WhiteClock "0:00:03"]
[BlackClock "0:00:09"]

1. d4 Nf6 2. c4 e6 3. Nc3 Bb4 4. e3 O-O 5. Nf3 d6 6. Bd2 Nbd7 7. Qc2 e5 8. a3 Bxc3 9. Bxc3 Re8 10. Be2 Qe7 11. dxe5 Nxe5 12. h3 Bd7 13. Nd4 Nc6 14. Nb5 Rac8 15. Bxf6 Qxf6 16. Nc3 Bf5 17. Qd2 Qg6 18. g4 Bd7 19. Nd5 Ne7 20. Nf4 Qf6 21. h4 Ng6 22. g5 Qe5 23. Nxg6 hxg6 24. O-O-O b5 25. h5 bxc4 26. hxg6 fxg6 27. Bxc4+ Be6 28. Bxe6+ Rxe6 29. Rh4 Rf8 30. Rdh1 Qxg5 31. Qc2 c5 32. Kb1 Qf5 33. e4 Qf6 34. Ka2 Kf7 35. f4 Qe7 36. f5 Re5 37. Qc4+ Ke8 38. fxg6 Qe6 39. Qxe6+ Rxe6 40. Kb3 Rxg6 41. Kc4 Re6 42. Kd5 Kd7 43. Rh7 Re5+ 44. Kc4 Rxe4+ 45. Kd3 Rd4+ 46. Ke3 Rf7 47. Rg1 Re7+ 48. Kf3 Rd2 49. Rgxg7 Rxg7 50. Rxg7+ Kc6 51. b4 c4 52. Rxa7 c3 53. Ke3 Rd1 54. Ra8 Kb7 55. Re8 c2 56. Re7+ Kb6 57. Re8 c1=Q+ 0-1


[Site "https://www.chess.com"]

[Event "Titled Tuesday Blitz December 7 2021"]
[White "Ronka, Erik"]
[Black "Shkapenko, Pavel"]
[WhiteFideId "505080"]
[BlackFideId "4151933"]
[WhiteElo "2264"]
[BlackElo "2386"]
[Result "0-1"]
[Round "05"]
[TimeControl "180+1"]
[Date "2021.12.07"]
[WhiteClock "0:00:07"]
[BlackClock "0:00:05"]

1. d4 Nf6 2. c4 e6 3. Nc3 Bb4 4. a3 Bxc3+ 5. bxc3 c5 6. e3 Nc6 7. Bd3 O-O 8. e4 cxd4 9. cxd4 d5 10. cxd5 exd5 11. e5 Ne4 12. Ne2 f6 13. exf6 Qxf6 14. O-O Nxd4 15. Bb2 Nxe2+ 16. Qxe2 Qf7 17. Rac1 Bf5 18. Bd4 Nd6 19. Bc5 Rfe8 20. Qf3 Bxd3 21. Qxd3 Ne4 22. Bd4 b6 23. f3 Nd6 24. Rc6 Nc4 25. Qc3 Qd7 26. Rxc4 dxc4 27. Qxc4+ Qf7 28. Qb4 Rac8 29. h3 Qc4 30. Qb2 Re2 31. Qa1 Qc2 32. Bf2 Rd2 33. Qe5 Qc7 34. Qe6+ Kh8 35. Qe3 Rdd8 36. Re1 Qf7 37. Qg5 Re8 38. Rd1 h6 39. Qh4 Qf6 40. Qb4 Rcd8 41. Re1 Rxe1+ 42. Qxe1 Qf7 43. Qe4 Re8 44. Qh4 Qe7 45. Qh5 Kg8 46. Qg6 Qf7 47. Qd3 Qf6 48. Qc4+ Qe6 49. Qf4 Rf8 50. Qd2 Rc8 51. Bd4 Rd8 52. Qf4 Qf7 53. Qe3 Re8 54. Qf2 Qd5 55. Be3 Qd1+ 56. Kh2 Qd3 57. Bf4 Re2 58. Qg3 Kh7 59. Be5 Qg6 60. h4 Qxg3+ 61. Kxg3 g6 62. Bd6 Kg7 63. Kf4 Kf7 64. g4 a6 65. Bc7 b5 66. Bd6 Ke6 67. Bb4 Ra2 68. h5 gxh5 69. gxh5 Rh2 70. Kg4 Kd5 71. Bf8 Ra2 72. Bxh6 Rxa3 73. Bg7 Ra2 74. h6 Rh2 75. Kg3 Rh1 76. f4 Ke4 77. Kg4 Rg1+ 78. Kh5 Kf5 79. Kh4 Rh1+ 80. Kg3 b4 81. Bf8 b3 82. Kg2 Rh5 83. Bg7 a5 84. Bb2 a4 85. Kf3 Rxh6 86. Ke3 Rh3+ 87. Kd4 Rh2 88. Kc3 Rc2+ 0-1


[Site "https://www.chess.com"]

[Event "Titled Tuesday Blitz December 7 2021"]
[White "Rozhkov, Viacheslav"]
[Black "Rustemov, Alexander"]
[WhiteFideId "4181484"]
[BlackFideId "4119002"]
[WhiteElo "2324"]
[BlackElo "2735"]
[Result "0-1"]
[Round "05"]
[TimeControl "180+1"]
[Date "2021.12.07"]
[WhiteClock "0:00:05"]
[BlackClock "0:00:27"]

1. e4 e6 2. d4 d5 3. e5 c5 4. c3 Qb6 5. Nf3 Bd7 6. a3 Bb5 7. c4 Bxc4 8. Bxc4 dxc4 9. d5 Qb3 10. Nc3 Ne7 11. Qe2 Nxd5 12. O-O Nxc3 13. bxc3 Qxc3 14. Bg5 Nc6 15. Rfd1 h6 16. Bh4 Be7 17. Bxe7 Nxe7 18. Rac1 Qxa3 19. Qxc4 O-O 20. Rd7 b5 21. Qxc5 Qxc5 22. Rxc5 Nd5 23. Rxb5 a5 24. g3 a4 25. Rb1 a3 26. Ra1 Rfb8 27. Nd4 a2 28. Kg2 Rb1 0-1


[Site "https://www.chess.com"]

[Event "Titled Tuesday Blitz December 7 2021"]
[White "Rozman, Levy"]
[Black "Koutlas, Nikolaos"]
[WhiteFideId "2039877"]
[BlackFideId "25827138"]
[WhiteElo "2376"]
[BlackElo "1525"]
[Result "0-1"]
[Round "05"]
[TimeControl "180+1"]
[Date "2021.12.07"]
[WhiteClock "0:00:09"]
[BlackClock "0:00:10"]

1. d4 Nf6 2. c4 e6 3. Nc3 d5 4. Nf3 dxc4 5. e4 b5 6. Nxb5 Nxe4 7. Nc3 Nd6 8. Be2 Be7 9. O-O O-O 10. Ne5 Nf5 11. Be3 c5 12. Bf3 cxd4 13. Bxd4 Nxd4 14. Bxa8 Bf6 15. Nxc4 Ba6 16. Qa4 Qc7 17. b3 Nd7 18. Qxa6 Rxa8 19. Rac1 Qf4 20. Qb7 Rd8 21. Qxa7 Ne5 22. Ne3 Nef3+ 23. gxf3 Be5 24. Rfd1 Qxh2+ 25. Kf1 Qh1# 0-1


[Site "https://www.chess.com"]

[Event "Titled Tuesday Blitz December 7 2021"]
[White "Samadov, Read"]
[Black "Blohberger, Felix"]
[WhiteFideId "13417444"]
[BlackFideId "1632051"]
[WhiteElo "2084"]
[BlackElo "2416"]
[Result "1-0"]
[Round "05"]
[TimeControl "180+1"]
[Date "2021.12.07"]
[WhiteClock "0:00:06"]
[BlackClock "0:00:01"]

1. d4 Nf6 2. c4 e6 3. Nf3 Bb4+ 4. Nbd2 O-O 5. a3 Be7 6. e4 d6 7. Bd3 a5 8. O-O Nc6 9. d5 Ne5 10. Nxe5 dxe5 11. b3 c6 12. Bb2 exd5 13. exd5 cxd5 14. Bxe5 dxc4 15. Nxc4 Be6 16. Qf3 b5 17. Nd2 Qb6 18. Ne4 Nxe4 19. Qxe4 g6 20. Bd4 Qb8 21. Qe3 Bd6 22. Qh6 Be5 23. Bxe5 Qxe5 24. Rae1 Qc5 25. Re4 Qc3 26. Bxb5 Bxb3 27. Re3 Qd2 28. Qh4 Be6 29. Qf6 Rab8 30. a4 Rfd8 31. h4 Qd4 32. Qg5 Rd5 33. Qg3 Rbd8 34. Rd3 Qf6 35. Rxd5 Rxd5 36. Re1 Kg7 37. Bc4 Rd4 38. Bxe6 fxe6 39. h5 Rxa4 40. Qc7+ Kh6 41. hxg6 Ra1 42. Qxh7+ Kg5 43. Rxa1 Qxa1+ 44. Kh2 Qe5+ 45. g3 Qf6 46. f4+ Kg4 47. Qh4+ Qxh4+ 48. gxh4 a4 49. g7 1-0


[Site "https://www.chess.com"]

[Event "Titled Tuesday Blitz December 7 2021"]
[White "Sanal, Vahap"]
[Black "Macovei, Andrei"]
[WhiteFideId "6300545"]
[BlackFideId "13904680"]
[WhiteElo "2499"]
[BlackElo "2410"]
[Result "0-1"]
[Round "05"]
[TimeControl "180+1"]
[Date "2021.12.07"]
[WhiteClock "0:00:02"]
[BlackClock "0:00:07"]

1. e4 c5 2. Nc3 Nc6 3. Bb5 Nd4 4. Nf3 a6 5. Bd3 g6 6. Nxd4 cxd4 7. Ne2 Bg7 8. c3 d5 9. Nxd4 dxe4 10. Bxe4 Bxd4 11. cxd4 Qxd4 12. Bf3 Nf6 13. O-O Bg4 14. d3 O-O 15. h3 Bxf3 16. Qxf3 Qd5 17. Qe2 Rfe8 18. Bh6 Rad8 19. Rfd1 Qh5 20. Qd2 Qf5 21. Rac1 Rd7 22. Qc3 Qh5 23. Be3 Nd5 24. Qc5 Qf5 25. Bh6 g5 26. Qc8 Red8 27. h4 f6 28. h5 Rxc8 29. Rxc8+ Kf7 30. Re1 e5 31. d4 Nf4 32. dxe5 Qg4 33. Rf8+ Ke6 34. exf6+ Kf5 35. g3 Rd1 36. Re8 Rxe1+ 37. Rxe1 Kxf6 38. Bf8 Nxh5 39. Be7+ Kf7 40. Bc5 Nf4 41. Re7+ Kg6 42. Rxb7 h5 43. Rb6+ Kf5 44. Bd6 h4 45. Rb3 hxg3 46. Bxf4 gxf4 47. fxg3 fxg3 48. Kg2 Qe4+ 49. Kxg3 Qe5+ 50. Kf2 Qd4+ 51. Ke2 Ke4 52. Ke1 a5 53. Ke2 a4 54. Ra3 Qxb2+ 0-1


[Site "https://www.chess.com"]

[Event "Titled Tuesday Blitz December 7 2021"]
[White "Saydaliev, Saidakbar"]
[Black "Myshakov, Fyodor"]
[WhiteFideId "14203693"]
[BlackFideId "14111284"]
[WhiteElo "2279"]
[BlackElo "2310"]
[Result "1-0"]
[Round "05"]
[TimeControl "180+1"]
[Date "2021.12.07"]
[WhiteClock "0:00:37"]
[BlackClock "0:00:01"]

1. d4 d5 2. c4 dxc4 3. e4 Nf6 4. e5 Nd5 5. Bxc4 c6 6. Nc3 Nb6 7. Bb3 Bf5 8. h4 h6 9. g4 Bh7 10. e6 fxe6 11. Bf4 Nd5 12. Be5 Nd7 13. Qe2 Nxe5 14. Qxe5 Qd6 15. Nf3 O-O-O 16. O-O Rg8 17. Rfe1 g5 18. hxg5 Bg7 19. Qxe6+ Qxe6 20. Rxe6 hxg5 21. Bxd5 cxd5 22. Rxe7 Be4 23. Nxe4 dxe4 24. Rxe4 Rgf8 25. Kg2 Rd7 26. Nxg5 Bxd4 27. Rxd4 Rxd4 28. f3 Rd2+ 29. Kg3 Rxb2 30. Ne4 b5 31. g5 a5 32. f4 b4 33. g6 Re2 34. Kf3 Rh2 35. Rg1 Kd7 36. g7 Ra8 37. f5 a4 38. g8=Q Rxg8 39. Rxg8 Rxa2 40. Rb8 b3 41. f6 Ke6 42. Rb6+ Kf7 43. Rb7+ Kg6 44. f7 Kg7 45. Ng5 Ra1 46. Ne6+ Kg6 47. Kg2 Ra2+ 48. Kg3 b2 49. f8=Q Ra3+ 50. Kg4 Rg3+ 51. Kxg3 1-0


[Site "https://www.chess.com"]

[Event "Titled Tuesday Blitz December 7 2021"]
[White "Seletsky, Grigory"]
[Black "Ianov, Viktor"]
[WhiteFideId "14112191"]
[BlackFideId "14102730"]
[WhiteElo "2492"]
[BlackElo "2307"]
[Result "1-0"]
[Round "05"]
[TimeControl "180+1"]
[Date "2021.12.07"]
[WhiteClock "0:01:44"]
[BlackClock "0:01:24"]

1. d4 d6 2. c4 g6 3. Nc3 Bg7 4. Nf3 Bg4 5. e4 Nc6 6. d5 Bxf3 7. gxf3 Nd4 8. Be3 c5 9. dxc6 Nxc6 10. Qd2 Nf6 11. Be2 O-O 12. O-O Rc8 13. Rac1 a6 14. Nd5 Nxd5 15. cxd5 Ne5 16. f4 Nd7 17. Rxc8 Qxc8 18. Rc1 Qb8 19. Qc2 Nc5 20. b4 Nd7 21. Qc7 Nf6 22. Bf3 Re8 23. Qxb8 Rxb8 24. Rc7 Kf8 25. Ba7 Ra8 26. Rxb7 Ne8 27. a4 Rc8 28. b5 Rc1+ 29. Kg2 axb5 30. axb5 f5 31. exf5 gxf5 32. Rb8 Ra1 33. Be3 Bf6 34. Bh5 1-0


[Site "https://www.chess.com"]

[Event "Titled Tuesday Blitz December 7 2021"]
[White "Shahade, Gregory"]
[Black "Kamsky, Gata"]
[WhiteFideId "2009064"]
[BlackFideId "2000024"]
[WhiteElo "2681"]
[BlackElo "2645"]
[Result "0-1"]
[Round "05"]
[TimeControl "180+1"]
[Date "2021.12.07"]
[WhiteClock "0:00:04"]
[BlackClock "0:00:51"]

1. e4 e5 2. Nf3 Nc6 3. Bb5 Nf6 4. d3 d6 5. O-O Bd7 6. c3 g6 7. Re1 Bg7 8. Nbd2 O-O 9. Nf1 Qe8 10. Ng3 h6 11. h3 Kh8 12. Ba4 Ng8 13. Bc2 f5 14. exf5 gxf5 15. Nh4 d5 16. d4 e4 17. Bf4 Rc8 18. Qh5 Nce7 19. Qxe8 Rfxe8 20. Nh5 Nf6 21. Nxg7 Kxg7 22. g3 Kf7 23. Bxh6 Rh8 24. Bg5 Rcg8 25. Bxf6 Kxf6 26. Ng2 Rxh3 27. Nf4 Rh6 28. Kg2 c6 29. Rh1 Rgh8 30. Rxh6+ Rxh6 31. a4 Ng6 32. Nxg6 Rxg6 33. Rh1 f4 34. Rh7 Rg7 35. Rh6+ Ke7 36. a5 a6 37. b4 Bg4 38. Kh2 e3 39. fxe3 fxe3 40. Bd3 e2 41. Bxe2 Bxe2 42. Kg2 Bd3 43. Rh8 Be4+ 44. Kf2 Rf7+ 45. Ke2 Rf3 46. Rb8 Rxc3 47. Rxb7+ Kd6 48. Rb6 Rxg3 49. Kf2 Rb3 50. Rxa6 Rxb4 51. Ra8 Rxd4 52. a6 Ra4 53. a7 Kc5 54. Ke3 Ra3+ 55. Kf4 Bd3 56. Ke5 Bb5 57. Ke6 d4 58. Kd7 Kb6 0-1


[Site "https://www.chess.com"]

[Event "Titled Tuesday Blitz December 7 2021"]
[White "Shipov, Sergei"]
[Black "Arencibia Monduy, Antonio"]
[WhiteFideId "4113624"]
[BlackFideId "3507939"]
[WhiteElo "2760"]
[BlackElo "2598"]
[Result "0-1"]
[Round "05"]
[TimeControl "180+1"]
[Date "2021.12.07"]
[WhiteClock "0:00:33"]
[BlackClock "0:00:03"]

1. d4 Nf6 2. c4 e6 3. Nc3 d5 4. cxd5 exd5 5. Bg5 Be7 6. e3 c6 7. Qc2 O-O 8. Bd3 Nbd7 9. Nf3 Re8 10. Bf4 Nf8 11. h3 Bd6 12. Bxd6 Qxd6 13. O-O-O b5 14. Kb1 a5 15. Rc1 Bb7 16. g4 N6d7 17. h4 Nb6 18. g5 a4 19. Ne2 b4 20. Qc5 Qxc5 21. Rxc5 Nc4 22. Bxc4 dxc4 23. Nf4 Nd7 24. Rxc4 c5 25. d5 Ba6 26. Rcc1 c4 27. Rhd1 Rac8 28. Rd4 Nc5 29. d6 Red8 30. Nd5 Ne6 31. Ne7+ Kf8 32. Nxc8 Nxd4 33. Nxd4 Rxc8 34. Rd1 Ke8 35. Nc2 Rb8 36. d7+ Kd8 37. Rd6 Bb5 38. Nd4 Rb7 39. Kc2 Bxd7 40. Rd5 Ke7 41. f4 b3+ 42. axb3 cxb3+ 43. Kc3 Rc7+ 44. Kd3 a3 45. Nxb3 Be6 46. Ra5 axb2 47. Nd2 Rd7+ 48. Kc3 Rxd2 49. Rb5 Re2 50. Kd3 Rh2 51. e4 Ba2 0-1


[Site "https://www.chess.com"]

[Event "Titled Tuesday Blitz December 7 2021"]
[White "Shyaamnikhil P"]
[Black "Savchenko, Boris"]
[WhiteFideId "5024218"]
[BlackFideId "4147332"]
[WhiteElo "2300"]
[BlackElo "2499"]
[Result "0-1"]
[Round "05"]
[TimeControl "180+1"]
[Date "2021.12.07"]
[WhiteClock "0:01:37"]
[BlackClock "0:01:49"]

1. e3 c5 2. c4 Nf6 3. Nc3 e6 4. Nf3 a6 5. d4 d5 6. dxc5 Bxc5 7. a3 O-O 8. b4 Ba7 9. Bb2 Nc6 10. Be2 d4 11. exd4 Nxd4 12. O-O Nxe2+ 13. Qxe2 Qc7 14. c5 b6 15. Na4 bxc5 16. Bxf6 gxf6 17. Rac1 Bb7 18. Nxc5 Bxc5 19. Rxc5 Qf4 20. Qe3 Qxe3 21. fxe3 Rfc8 22. Nd4 Rxc5 23. bxc5 Rc8 24. Rc1 Bd5 25. c6 Kf8 26. c7 Ke7 27. Nc6+ Kd6 28. Nb4 Bb7 29. g3 Rxc7 30. Rxc7 Kxc7 31. Kf2 Kd6 32. Ke2 Kc5 33. Kd3 a5 34. Nc2 e5 35. e4 Kb5 36. Ne3 Ka4 37. Ng4 Kxa3 38. Nxf6 Kb2 39. Nd5 a4 40. Ne3 Ba6+ 41. Kd2 a3 42. Nd1+ Kb3 0-1


[Site "https://www.chess.com"]

[Event "Titled Tuesday Blitz December 7 2021"]
[White "Svane, Frederik"]
[Black "Sokolin, Leonid"]
[WhiteFideId "12923044"]
[BlackFideId "2009161"]
[WhiteElo "2459"]
[BlackElo "2394"]
[Result "0-1"]
[Round "05"]
[TimeControl "180+1"]
[Date "2021.12.07"]
[WhiteClock "0:00:04"]
[BlackClock "0:00:27"]

1. e4 c5 2. Nc3 Nc6 3. Nf3 e5 4. Bc4 Be7 5. O-O d6 6. d3 Nf6 7. h3 Be6 8. Ng5 Bxc4 9. dxc4 O-O 10. Nf3 Nd4 11. Bg5 Nxe4 12. Nxe4 Nxf3+ 13. Qxf3 Bxg5 14. Rad1 Be7 15. Nc3 Qd7 16. Rfe1 Qe6 17. b3 Rab8 18. Nd5 Rfd8 19. Nf4 Qf6 20. Qe4 Bf8 21. Nd5 Qg6 22. Qe2 f5 23. a4 Rd7 24. Rd2 Re8 25. Red1 Rf7 26. Nc3 e4 27. Nb5 Re6 28. Nxa7 f4 29. Qg4 Qh6 30. Nb5 Rg6 31. Qc8 f3 32. g3 e3 33. fxe3 Qxe3+ 34. Kh2 f2 35. Rd3 Qe2 36. Kh1 f1=Q+ 37. Rxf1 Qxf1+ 0-1


[Site "https://www.chess.com"]

[Event "Titled Tuesday Blitz December 7 2021"]
[White "Sviridov, Valery"]
[Black "Gaehwiler, Gabriel"]
[WhiteFideId "4120680"]
[BlackFideId "1314530"]
[WhiteElo "2454"]
[BlackElo "2383"]
[Result "1-0"]
[Round "05"]
[TimeControl "180+1"]
[Date "2021.12.07"]
[WhiteClock "0:01:42"]
[BlackClock "0:01:04"]

1. Nf3 Nf6 2. g3 b6 3. Bg2 Bb7 4. O-O g6 5. c4 Bg7 6. Nc3 O-O 7. d4 Ne4 8. Qd3 Nxc3 9. Qxc3 c5 10. Be3 Bxf3 11. Bxf3 Nc6 12. Bxc6 dxc6 13. Rad1 Qd7 14. Qd3 cxd4 15. Bxd4 Rfd8 16. Bxg7 Qxd3 17. Rxd3 Rxd3 18. exd3 Kxg7 19. f4 Rd8 20. Rd1 Kf6 21. Kf2 e5 22. Ke3 exf4+ 23. Kxf4 Rd4+ 24. Ke3 Ke5 25. b4 f5 26. Rf1 h6 27. a4 Rg4 28. Re1 Rd4 29. Kd2+ Kd6 30. Re8 Rg4 31. b5 cxb5 32. axb5 h5 33. Ra8 h4 34. Rxa7 hxg3 35. hxg3 Rxg3 36. Rb7 Kc5 37. Kc3 1-0


[Site "https://www.chess.com"]

[Event "Titled Tuesday Blitz December 7 2021"]
[White "Tarlabasi, Emirhan"]
[Black "Starozhilov, Leonid"]
[WhiteFideId "6350275"]
[BlackFideId "14106752"]
[WhiteElo "1949"]
[BlackElo "2414"]
[Result "0-1"]
[Round "05"]
[TimeControl "180+1"]
[Date "2021.12.07"]
[WhiteClock "0:00:09"]
[BlackClock "0:00:21"]

1. e4 g6 2. Nc3 Bg7 3. h4 h5 4. d4 d6 5. Be2 Nc6 6. Be3 Nf6 7. f3 e5 8. d5 Nd4 9. Bxd4 exd4 10. Qxd4 O-O 11. Qd2 c6 12. Nh3 Bxh3 13. Rxh3 cxd5 14. exd5 Re8 15. O-O-O Rc8 16. Kb1 Qb6 17. Bb5 Rxc3 18. Bxe8 Nxe8 19. b3 Nc7 20. a4 Na6 21. f4 Qb4 22. Rxc3 Bxc3 23. Qd3 Nc5 24. Qc4 Qxc4 25. bxc4 Nxa4 26. Rd3 Bf6 27. Ra3 Nc3+ 28. Kc1 a6 29. Rb3 b5 30. cxb5 axb5 31. Kd2 Nxd5 32. Rxb5 Nxf4 33. g3 Ne6 34. Rb6 Be5 35. Rb3 Nd4 36. Rd3 Nf5 37. c4 Nxg3 38. Rd5 Ne4+ 39. Ke3 Nc5 40. Rd1 Kg7 41. Rb1 Bf6 42. Rd1 Be7 43. Kf3 Nd7 44. Kg3 Ne5 45. Re1 Bxh4+ 0-1


[Site "https://www.chess.com"]

[Event "Titled Tuesday Blitz December 7 2021"]
[White "Tasev, Dejan"]
[Black "Belyakov, Bogdan"]
[WhiteFideId "936618"]
[BlackFideId "24104795"]
[WhiteElo "2253"]
[BlackElo "2407"]
[Result "0-1"]
[Round "05"]
[TimeControl "180+1"]
[Date "2021.12.07"]
[WhiteClock "0:00:11"]
[BlackClock "0:00:31"]

1. e4 e5 2. Nf3 Nc6 3. Bc4 Bc5 4. d3 Nf6 5. h3 O-O 6. Nc3 h6 7. Be3 Bxe3 8. fxe3 d6 9. O-O Be6 10. Bb3 d5 11. exd5 Nxd5 12. Nxd5 Bxd5 13. e4 Bxb3 14. axb3 a5 15. Qe1 b6 16. Qg3 Qd6 17. Rf2 Rae8 18. Nh4 Ne7 19. Raf1 f6 20. Kh2 Kh8 21. Qg4 g5 22. Nf5 Nxf5 23. Rxf5 Kg7 24. Qf3 c5 25. Rf2 b5 26. Qd1 a4 27. bxa4 bxa4 28. Qa1 Rb8 29. Qxa4 Rxb2 30. h4 Rf7 31. hxg5 hxg5 32. R2f3 Rb4 33. Qa1 Rb8 34. Rh3 Rh8 35. Rxh8 Kxh8 36. Kg3 Kg7 37. Rf1 Qd4 38. Qxd4 cxd4 39. Rb1 Rc7 40. Rb2 Kg6 41. Kg4 Rh7 42. Kg3 Rh1 43. Rb6 Rd1 44. Rc6 Rd2 45. Kf3 Kf7 46. g3 Kg7 47. Kg4 Kg6 48. Rc5 Rf2 49. Rc6 Kf7 50. Rc7+ Ke6 51. Rc6+ Kd7 52. Rc4 Ke6 53. Kh5 Rg2 54. Kg6 Rxg3 55. Rc6+ Ke7 56. Rxf6 Rg2 57. Rf5 Ke6 58. Rxg5 Rxc2 59. Rg3 Re2 60. Kg5 Kd6 61. Kf5 Rf2+ 62. Kg6 Kc5 63. Rg5 Kb4 64. Rxe5 Kc3 65. Rd5 Kxd3 66. e5 Ke4 67. Rd8 Kxe5 68. Kg5 Rg2+ 69. Kh4 Ke4 70. Re8+ Kd3 71. Kh3 Rg7 72. Rc8 Kd2 73. Ra8 d3 74. Ra2+ Ke1 75. Ra1+ Ke2 76. Ra8 Re7 0-1


[Site "https://www.chess.com"]

[Event "Titled Tuesday Blitz December 7 2021"]
[White "Terletsky, Oleg"]
[Black "Hamley, Ryan"]
[WhiteFideId "14116774"]
[BlackFideId "30959497"]
[WhiteElo "2055"]
[BlackElo "2560"]
[Result "1/2-1/2"]
[Round "05"]
[TimeControl "180+1"]
[Date "2021.12.07"]
[WhiteClock "0:00:22"]
[BlackClock "0:00:09"]

1. e4 e5 2. Nf3 Nc6 3. Nc3 Nf6 4. d4 exd4 5. Nxd4 Bb4 6. Nxc6 bxc6 7. Bd3 d5 8. exd5 cxd5 9. O-O O-O 10. Bg5 c6 11. Qf3 h6 12. Bxf6 Qxf6 13. Qxf6 gxf6 14. Ne2 Bd6 15. Ng3 Re8 16. Nf5 Bf8 17. f4 Bxf5 18. Bxf5 Re2 19. Bd3 Rd2 20. Rf3 Bc5+ 21. Kf1 Re8 22. Re1 Rxe1+ 23. Kxe1 Rxg2 24. Rg3+ Rxg3 25. hxg3 Kf8 26. Ke2 Ke7 27. Kf3 Ke6 28. Bf1 f5 29. Ba6 Bd4 30. c3 Bg7 31. Bc8+ Kd6 32. Bxf5 c5 33. Bc2 d4 34. cxd4 Bxd4 35. b3 Ke6 36. Bd3 f6 37. Bc4+ Kf5 38. g4+ Kg6 39. Bd3+ Kf7 40. Ke4 Bb2 41. Kd5 Bc1 42. Kxc5 Bxf4 43. Kc6 Ke7 44. Bf5 Kd8 45. b4 Bd2 46. b5 Ba5 47. a4 Bb6 48. Kb7 Bc5 49. a5 Bd4 50. Be4 Ke7 51. Bd3 Kf7 52. Bf5 Kg7 53. b6 axb6 54. a6 b5 55. Be6 b4 56. a7 Bxa7 57. Kxa7 h5 58. gxh5 Kh6 59. Bg4 b3 60. Kb6 b2 61. Bf5 Kxh5 62. Kc5 Kg5 63. Bb1 f5 64. Kd4 Kg4 65. Ke3 Kg3 66. Ke2 f4 67. Kf1 Kf3 68. Bc2 Ke3 69. Bh7 Kd2 70. Kf2 Kc1 71. Kf3 b1=Q 72. Bxb1 Kxb1 73. Kxf4 1/2-1/2


[Site "https://www.chess.com"]

[Event "Titled Tuesday Blitz December 7 2021"]
[White "Terry, Renato"]
[Black "Solon, Nathan"]
[WhiteFideId "3803457"]
[BlackFideId "2017229"]
[WhiteElo "2577"]
[BlackElo "2565"]
[Result "1-0"]
[Round "05"]
[TimeControl "180+1"]
[Date "2021.12.07"]
[WhiteClock "0:00:25"]
[BlackClock "0:00:15"]

1. e4 c5 2. Nf3 d6 3. Bb5+ Nd7 4. d4 cxd4 5. Qxd4 a6 6. Bxd7+ Bxd7 7. Bg5 h6 8. Bh4 Rc8 9. O-O Nf6 10. Rd1 e5 11. Qd3 g5 12. Bg3 Qc7 13. Nc3 Be6 14. Nd2 Be7 15. Nf1 h5 16. h4 Ng4 17. Rab1 gxh4 18. Bh2 Rg8 19. Ne3 Nxe3 20. Qxe3 h3 21. g3 h4 22. Kh1 hxg3 23. Bxg3 Qc5 24. Qd3 Qc4 25. Qe3 Qc5 26. Qd3 Rc6 27. Kh2 Bg5 28. Qf3 Bf4 29. Rf1 Bg4 30. Qd3 Be6 31. Qf3 Bc4 32. Rg1 Bxg3+ 33. Rxg3 Rxg3 34. Qxg3 Be6 35. Rd1 Qb4 36. Qg8+ Kd7 37. Nd5 Qxb2 38. Qb8 Rxc2 39. Nf6+ Ke7 40. Ng8+ Kd7 41. Nf6+ Ke7 42. Ng8+ Kd7 43. Rxd6# 1-0


[Site "https://www.chess.com"]